 Dungeon Crawl Stone Soup version 0.27.0-1-g7a089689b8 (webtiles) character file.

Game seed: 16297276307734567432

190 horus123 the Shield-Bearer (level 6, -2/47 HPs)
             Began as a Human Fighter on Aug 15, 2021.
             Slain by Blork the orc (6 damage)
             ... on level 4 of the Dungeon.
             The game lasted 00:06:50 (3189 turns).

horus123 the Shield-Bearer (Human Fighter)          Turns: 3189, Time: 00:06:51

Health: -2/47      AC:  8    Str: 18    XL:     6   Next: 1%
Magic:  6/6        EV: 13    Int:  9    God:
Gold:   169        SH:  9    Dex: 12    Spells: 5/5 levels left

rFire    . . .     SeeInvis .   a - +1 flail
rCold    . . .     Faith    .   c - +0 kite shield
rNeg     . . .     Spirit   .   q - +0 troll leather armour {Purgy}
rPois    .         Reflect  .   e - +0 helmet
rElec    .         Harm     .   (no cloak)
rCorr    .         Rampage  .   f - +1 pair of gloves {archery}
Will     .....                  (no boots)
Stlth    +.........             (no amulet)
HPRegen  0.15/turn              h - ring of wizardry
MPRegen  0.10/turn              p - +4 ring of evasion

@: no status effects
A: no striking features
a: no special abilities


You were on level 4 of the Dungeon.
You visited 1 branch of the dungeon, and saw 4 of its levels.

You collected 169 gold pieces.

Inventory:

Hand Weapons
 a - a +1 flail (weapon)
Missiles
 j - 2 curare-tipped darts (quivered)
 m - 12 poisoned darts
Armour
 b - a +0 scale mail
 c - a +0 kite shield (worn)
 e - a +0 helmet (worn)
 f - a +1 pair of gloves of archery (worn)
 n - a +0 leather armour
 q - a +0 troll leather armour (worn) {Purgy}
Jewellery
 h - a ring of wizardry (left hand)
 p - a +4 ring of evasion (right hand)
Wands
 o - a wand of paralysis (6)
Scrolls
 i - 2 scrolls of teleportation
 r - a scroll of magic mapping
Potions
 d - 2 potions of might
 g - a potion of attraction {unknown}
 k - a potion of curing {unknown}
 l - a potion of berserk rage {unknown}


   Skills:
 + Level 3.6 Fighting
 + Level 3.3 Maces & Flails
 + Level 0.1 Throwing
 + Level 3.7 Armour
 + Level 1.0 Dodging
 + Level 0.2 Stealth
 + Level 4.2 Shields


You had 5 spell levels left.
You didn't know any spells.
Your spell library was empty.

Dungeon Overview and Level Annotations

Branches:
Dungeon (4/15)
 Temple: D:4-7

Altars:
Kikubaaqudgha
Ru

Annotations:
D:4 Blork the orc


Message History

Blork the orc is moderately wounded.
Blork the orc hits you but does no damage.
You hit Blork the orc.
Blork the orc is moderately wounded.
You block Blork the orc's attack. Blork the orc barely misses you.
You closely miss Blork the orc.
Blork the orc is moderately wounded.
Blork the orc looks braver for a moment.
You completely miss Blork the orc.
Blork the orc is moderately wounded.
Blork the orc completely misses you. Blork the orc casts a spell at you.
You block the puff of flame.
You sock Blork the orc!
Blork the orc is heavily wounded.
An iguana comes into view.
Blork the orc hits you with a +0 mace.
The iguana moves out of view.
You completely miss Blork the orc.
Blork the orc is heavily wounded.
You block Blork the orc's attack. x2
You barely miss Blork the orc.
Blork the orc is heavily wounded.
Blork the orc hits you but does no damage.
You closely miss Blork the orc.
Blork the orc is heavily wounded.
Blork the orc points at you and mumbles some strange words.
The magic dart hits you.
* * * LOW HITPOINT WARNING * * *
Blork the orc closely misses you.
You closely miss Blork the orc.
Blork the orc is heavily wounded.
Blork the orc hits you but does no damage.
You hit Blork the orc.
Blork the orc is severely wounded.
Blork the orc hits you with a +0 mace!
* * * LOW HITPOINT WARNING * * *
You hit Blork the orc but do no damage.
Blork the orc is severely wounded.
Blork the orc hits you with a +0 mace.
You die...

#.....##..
#...../.......
#....# .....
#..†.# ....
####.# ...
#.##.. #..#.#
##o#.# #@.#
###### ##.## #.#
#<...# #..# #.#
#.######
##.###.#
#....... #..##.#
#.......
##.##.###.......
#..#....#......
##.#....###.##.
#....(.###....


You could see Blork the orc.

Vanquished Creatures
  Purgy (D:4)
  3 adders (D:2)
  2 dart slugs (D:2)
  2 ball pythons (D:2)
  An endoplasm (D:1)
  4 giant cockroaches
  8 goblins
  8 hobgoblins
  3 jackals (D:1)
  2 quokkas
  7 bats
  7 frilled lizards
  6 kobolds
  6 rats
60 creatures vanquished.

Notes
Turn   | Place    | Note
-------+----------+-------------------------------------------
     0 | D:1      | horus123 the Human Fighter began the quest for the Orb.
     0 | D:1      | Reached XP level 1. HP: 18/18 MP: 1/1
    33 | D:1      | Found a faded altar of an unknown god.
   100 | D:1      | Reached XP level 2. HP: 24/24 MP: 2/2
   757 | D:1      | Reached XP level 3. HP: 28/29 MP: 3/3
  1137 | D:1      | Identified a scroll of acquirement
  1137 | D:1      | Acquired a +1 pair of gloves of archery
  1532 | D:2      | Reached XP level 4. HP: 33/35 MP: 4/4
  2712 | D:3      | Found an ancient bone altar of Kikubaaqudgha.
  2745 | D:3      | Found a sacrificial altar of Ru.
  2956 | D:4      | Noticed Blork the orc
  2956 | D:4      | Noticed a necrophage
  2956 | D:4      | Noticed an ogre
  3058 | D:4      | Noticed Purgy
  3086 | D:4      | Killed Purgy
  3087 | D:4      | Reached skill level 1 in Dodging
  3087 | D:4      | Reached skill level 4 in Shields
  3087 | D:4      | Reached XP level 5. HP: 8/41 MP: 5/5
  3087 | D:4      | Reached XP level 6. HP: 10/47 MP: 6/6
  3189 | D:4      | Slain by Blork the orc

Illustrated notes

Levels and vault maps discovered:
D:1:      kennysheep_arrival_forest, layout_loops_corners,
          shapermc_ecumenical_altar_starsandcircs, hangedman_decor_opposing,
          hangedman_decor_diamond_cutter
D:2:      layout_loops_cross, kennysheep_generic_room_8
D:3:      layout_loops_cross, mainiacjoe_overflow_large_starburst,
          kennysheep_generic_room_10
D:4:      layout_basic, minmay_temple_entry_enclosed_plants, uniq_purgy,
          uniq_duvessa, uniq_blork_the_orc, uniq_grinder

Skill      XL: |  1  2  3  4 |
---------------+-------------+-----
Maces & Flails | 3 |  3.3
Dodging        | 1 |  1.0
Shields        | 4 |  4.2
Fighting       | |  3.6
Throwing       | |  0.1
Armour         | |  3.7
Stealth        | |  0.2

Action                   |  1- 3 |  4- 6 || total
-------------------------+-------+-------++-------
Melee: Flail             |   115 |   152 ||   267
Throw: Dart              |       |     4 ||     4
  Use: Scroll            |     5 |     4 ||     9
Armor: Scale mail        |    65 |   107 ||   172
       Troll leather arm |       |     5 ||     5
Dodge: Dodged            |    39 |    85 ||   124
Block: Kite shield       |    53 |   111 ||   164
